[Event "Early-Titled-Tuesday-Blitz-March-05-2024"]
[Site "Chess.com"]
[Date "2024.03.05"]
[Round "6"]
[White "maciek_92"]
[Black "awesomevishesh"]
[Result "1-0"]
[WhiteElo "2880"]
[BlackElo "2647"]
[TimeControl "180+1"]
[EndTime "9:08:51 PST"]
[Termination "maciek_92 won on time"]

1. c4 Nf6 2. Nc3 g6 3. g3 Bg7 4.
Bg2 O-O 5. d4 d6 6. e3 Nc6 7.
Nge2 e5 8. O-O Bd7 9. h3 a6 10. Kh2 Rb8 11. a4 Re8 12. a5 h5 13. d5 Nb4 14. e4 c5 15. Be3 b5 16. axb6 Qxb6 17. Qd2 a5 18. f4 exf4 19. Rxf4 Nh7 20. Raf1 Rf8 21. R4f2 Rbe8 22. Bh6 Qd8 23. Bf4 Be5 24. h4 Nf6 25. Bf3 Ng4+ 26. Bxg4 Bxg4 27. Bxe5 Rxe5 28. Nf4 Qe7 29. Ng2 Qd7 30. Ne3 Bh3 31. Ra1 Ra8 32.
Rf6 Bg4 33. Raf1 Rf8 34. Nxg4 Qxg4 35. Rxd6 f5 36. Rf4 1-0

[Event "Early-Titled-Tuesday-Blitz-March-05-2024"]
[Site "Chess.com"]
[Date "2024.03.05"]
[Round "6"]
[White "dealshark"]
[Black "shirovin"]
[Result "1-0"]
[WhiteElo "2319"]
[BlackElo "2065"]
[TimeControl "180+1"]
[EndTime "9:08:51 PST"]
[Termination "dealshark won on time"]

1. Nf3 Nf6 2. c4 g6 3. Nc3 Bg7 4. g3 c6 5. Bg2 d5 6. O-O O-O 7. d4 dxc4 8. Ne5 Be6 9. e4 Nfd7 10. Nf3 Nb6 11. Be3 N8d7 12. Ng5 h6 13. Nxe6 fxe6 14. Qg4 Rf6 15. e5 Rf7 16. Qxg6 Nf8 17. Qg4 Nd5 18. Bxh6 b5 19. Ne4 Nh7 20. Bxg7 Rxg7 21.
Qxe6+ Kh8 22. Qxc6 a6 23. Nc5 Qc8 24. Qxc8+ Rxc8 25. Bxd5 a5 26. Be4 Ng5 27. Bg2 e6 28. f4 Nh7 29.
Nxe6 Rd7 30. d5 b4 31. Rac1 c3 32. bxc3 bxc3 33. Nd4 Rc4 34. Nb5 c2 35. Rf2 Rb4 36. Nd6 Rb1 37. Rxc2 Rxc1+ 38. Rxc1 Nf8 39. Rc8 Kg7 40.
Bh3 Ra7 41. Rc7+ Rxc7 42. Ne8+ Kf7 43. Nxc7 Ke7 44. d6+ Kd8 45. Ne6+ Nxe6 46. Bxe6 1-0

[Event "Early-Titled-Tuesday-Blitz-March-05-2024"]
[Site "Chess.com"]
[Date "2024.03.05"]
[Round "6"]
[White "LiamPutnam2008"]
[Black "FredddieCroderg"]
[Result "1-0"]
[WhiteElo "2890"]
[BlackElo "2292"]
[TimeControl "180+1"]
[EndTime "9:08:54 PST"]
[Termination "LiamPutnam2008 won on time"]

1. e4 c6 2. d4 d5 3. f3 Qb6 4. Nc3 dxe4 5. fxe4 e5 6. Nf3 exd4 7. Nxd4 Bc5 8. Na4 Qa5+ 9. c3 Bd6 10. b4 Qc7 11. Qh5 Nf6 12. Qh4 Nbd7 13. Nf5 O-O 14. Be2 Re8 15.
Qg5 g6 16. Nh6+ Kg7 17. O-O Re5 18. Nf5+ Kh8 19. Nxd6 Rxg5 20. Nxf7+ Kg7 21. Nxg5 Nb6 22. Nc5 Qe7 23. Be3 h6 24. Bd4 hxg5 25. Rxf6 Qxf6 26. Rf1 Qxd4+ 27. cxd4 a5 28. b5 a4 29. bxc6 bxc6 30.
Rb1 Rb8 31. Nxa4 Nd7 32. Rxb8 Nxb8 33. Nc5 Kf6 34. a4 g4 35. a5 Kg5 36. a6 Kf4 37.
Kf2 Nxa6 38. g3+ Kg5 39. Bxa6 1-0

[Event "Early-Titled-Tuesday-Blitz-March-05-2024"]
[Site "Chess.com"]
[Date "2024.03.05"]
[Round "6"]
[White "viviania"]
[Black "AttackSparrow"]
[Result "1-0"]
[WhiteElo "2898"]
[BlackElo "2647"]
[TimeControl "180+1"]
[EndTime "9:08:55 PST"]
[Termination "viviania won by resignation"]

1. Nf3 d5 2. c4 d4 3. b4 g5 4. Qb3 Bg7 5. Nxg5 e5 6. d3 Ne7 7. g3 a5 8. b5 h6 9. Nf3 c5 10. bxc6 Nbxc6 11. Bg2 O-O 12. Nbd2 Ng6 13. Ba3 Re8 14. Ne4 Nb4 15. Nfd2 f5 16. Nc5 Qe7 17.
Na4 Be6 18. Nb6 Ra6 19. Nd5 Bxd5 20. Bxd5+ Kh7 21. O-O Bf8 22. Bg2 Rb8 23. c5 Qxc5 24.
Qf7+ Bg7 25. Qxf5 Rf6 26. Qg4 Qc3 27. Bxb4 Qxb4 28. Ne4 Ra6 29. Rac1 Qe7 30. Rc2 Rd8 31.
Rfc1 Rd7 32. Bh3 Rd8 33. Rc7 Qf8 34. Rxb7 Rb8 35. Qd7 Rxb7 36. Qxb7 Ra8 37. Rc7 Re8 38.
Rxg7+ Qxg7 39. Nf6+ Kh8 40. Qxg7+ Kxg7 41. Nxe8+ 1-0

[Event "Early-Titled-Tuesday-Blitz-March-05-2024"]
[Site "Chess.com"]
[Date "2024.03.05"]
[Round "6"]
[White "SergioMoralesG"]
[Black "Azalea95"]
[Result "0-1"]
[WhiteElo "2494"]
[BlackElo "2366"]
[TimeControl "180+1"]
[EndTime "9:08:55 PST"]
[Termination "Azalea95 won by resignation"]

1. d4 Nf6 2. c4 e6 3. Nf3 d5 4. Nc3 dxc4 5. e4 b5 6. e5 Nd5 7. Nxb5 Nb6 8. Be2 Nc6 9. Be3 Be7 10.
O-O O-O 11. Nc3 Rb8 12. b3 Bb4 13. Ne4 cxb3 14. axb3 a5 15. Qc2 Bb7 16. Nfg5 g6 17. Nf6+ Kg7 18. Qe4 h6 19. Nxe6+ fxe6 20. Bxh6+ Kf7 21.
Qf4 Qxd4 22. Ne4+ Kg8 23. Bxf8 Rxf8 24. Nf6+ Kg7 25. Qg3 Qxe5 26. Nh5+ Kh7 27. f4 Qxe2 28. Rae1 Qxh5 29. Rxe6 Nd4 30. Kh1 Nxe6 31. Rd1 Qxd1+ 0-1

[Event "Early-Titled-Tuesday-Blitz-March-05-2024"]
[Site "Chess.com"]
[Date "2024.03.05"]
[Round "6"]
[White "tylityli"]
[Black "UnTucopalaTimba"]
[Result "1-0"]
[WhiteElo "2307"]
[BlackElo "2001"]
[TimeControl "180+1"]
[EndTime "9:08:55 PST"]
[Termination "tylityli won on time"]

1. d4 Nf6 2. c4 e6 3. Nc3 Bb4 4. e3 O-O 5. Ne2 d5 6. a3 Be7 7. cxd5 exd5 8. g3 c6 9. Bg2 Re8 10. O-O Bd6 11. f3 b6 12. e4 dxe4 13. fxe4 Bc7 14.
Bg5 h6 15. Bxf6 gxf6 16. Qd2 Kh7 17. e5 f5 18. h4 Rxe5 19. Rad1 Re8 20. Nf4 Bxf4 21.
Rxf4 Rg8 22. Kh2 Qf6 23. d5 Bb7 24. d6 Nd7 25. Bh3 Qe5 26. Bxf5+ Kh8 27. Bxd7 c5 28. Bh3 Rxg3 29. Kxg3 Rg8+ 30. Kf2 Qg7 31. Qe3 f5 32. d7 Rd8 33. Rxf5 Rxd7 34. Rxd7 1-0

[Event "Early-Titled-Tuesday-Blitz-March-05-2024"]
[Site "Chess.com"]
[Date "2024.03.05"]
[Round "6"]
[White "Bauman_Guy"]
[Black "FairChess_on_YouTube"]
[Result "0-1"]
[WhiteElo "2919"]
[BlackElo "3109"]
[TimeControl "180+1"]
[EndTime "9:08:57 PST"]
[Termination "FairChess_on_YouTube won by resignation"]

1. e4 c5 2. Nf3 e6 3. d4 cxd4 4. Nxd4 Nc6 5. Nc3 a6 6. g3 Qc7 7. Bg2 Nf6 8. O-O Nxd4 9. Qxd4 Bc5 10. Qd3 d6 11. Be3 Bxe3 12. Qxe3 O-O 13. Rfd1 e5 14. Rd2 Be6 15. Rad1 Rfd8 16. h3 b5 17. b3 Rac8 18. Ne2 Qa5 19. Rxd6 Rxd6 20. Rxd6 h6 21. c3 Qxa2 22. b4 Qa1+ 23. Kh2 Bc4 24. Ng1 Be6 25.
Ne2 Qe1 26. Rxa6 Rd8 27. Nd4 Qxe3 28. fxe3 exd4 29. exd4 Bc4 30. Rc6 Ra8 31. e5 Bd5 32.
exf6 Ra2 33. Rc8+ Kh7 34. Rc5 Rxg2+ 35. Kh1 Bf3 36. Rf5 Rxg3+ 37. Kh2 Rg2+ 38. Kh1 Ba8 39. d5 Rg5 40. Rxg5 hxg5 41. fxg7 Bxd5+ 42. Kg1 Kxg7 43. Kf2 f6 44. Ke3 Bc4 45. Kd4 Kg6 0-1

[Event "Early-Titled-Tuesday-Blitz-March-05-2024"]
[Site "Chess.com"]
[Date "2024.03.05"]
[Round "6"]
[White "LeoLV10"]
[Black "kids2010"]
[Result "0-1"]
[WhiteElo "2493"]
[BlackElo "2778"]
[TimeControl "180+1"]
[EndTime "9:08:57 PST"]
[Termination "kids2010 won by resignation"]

1. e4 c6 2. d4 d5 3. e5 Bf5 4.
h4 h5 5. Bd3 Bxd3 6. Qxd3 Qa5+ 7.
Nd2 e6 8. Nf3 Nh6 9. O-O Nf5 10.
Nb3 Qa6 11. Qd1 Be7 12. Bg5 Bxg5 13. Nxg5 Nxh4 14. Nc5 Qb6 15. Qd3 Nf5 16. c3 g6 17.
b4 Qc7 18. f3 b6 19. Nb3 Qe7 20. Nh3 Nd7 21. a4 a6 22. b5 cxb5 23. axb5 a5 24. c4 dxc4 25. Qxc4 O-O 26. g4 Ne3 27. Qd3 Nxf1 28. Rxf1 hxg4 29. fxg4 Kg7 30. Nd2 Rh8 31. Ne4 Qh4 32. Rxf7+ Kxf7 33. Neg5+ Ke7 34. Qa3+ Ke8 35. Qf3 Qe1+ 36. Kg2 Qd2+ 37. Kg3 Rb8 38. Qf7+ Kd8 39. Nxe6+ Kc8 40. Nef4 Qxd4 41. e6 Ne5 42. Qd7+ Nxd7 43. exd7+ Qxd7 0-1

[Event "Early-Titled-Tuesday-Blitz-March-05-2024"]
[Site "Chess.com"]
[Date "2024.03.05"]
[Round "6"]
[White "Cambek64"]
[Black "Caroexpert"]
[Result "1/2-1/2"]
[WhiteElo "2459"]
[BlackElo "2614"]
[TimeControl "180+1"]
[EndTime "9:08:57 PST"]
[Termination "Game drawn by repetition"]

1. e4 c6 2. d4 d5 3. Nc3 dxe4 4.
Nxe4 Nf6 5. Ng3 h5 6. h3 h4 7. N3e2 Bf5 8. Nf3 c5 9. c3 Ne4 10. Qb3 Qc8 11. Nf4 e6 12. Bb5+ Nc6 13. O-O Be7 14.
Re1 O-O 15. Bd3 c4 16. Qxc4 Nd6 17. Qb3 Na5 18. Qc2 Bf6 19. Bxf5 Nxf5 20. Qa4 Nc4 21. Nd2 Ncd6 22. Ne4 Nxe4 23. Rxe4 Nd6 24. Re1 b5 25. Qd1 g6 26. Qg4 Nf5 27. Nd3 a5 28. Bg5 Bxg5 29.
Qxg5 b4 30. Rac1 Qc4 31. Nf4 Qxa2 32. Nh5 Qxb2 33. Nf6+ Kg7 34. Nh5+ Kg8 35. Nf6+ Kg7 36. Nh5+ Kg8 1/2-1/2

[Event "Early-Titled-Tuesday-Blitz-March-05-2024"]
[Site "Chess.com"]
[Date "2024.03.05"]
[Round "6"]
[White "aljado"]
[Black "yuriydovzik"]
[Result "1-0"]
[WhiteElo "2067"]
[BlackElo "2090"]
[TimeControl "180+1"]
[EndTime "9:08:57 PST"]
[Termination "aljado won on time"]

1. e4 c6 2. d4 Na6 3. Nf3 d6 4. Nc3 Nc7 5. Be2 Bg4 6. O-O g6 7. h3 Bxf3 8. Bxf3 Bg7 9. Be3 e6 10. Qd2 h5 11. Rad1 d5 12. exd5 cxd5 13. Na4 b6 14. c4 Ne7 15. Bg5 Qd7 16. Nc3 f6 17. Bf4 Rd8 18. Bxc7 Qxc7 19. cxd5 Nxd5 20. Bxd5 exd5 21.
Rfe1+ Kf7 22. Rc1 Qd7 23. a4 Bh6 24. f4 Rhe8 25. Rxe8 Rxe8 26. g3 h4 27. Qg2 hxg3 28. Nxd5 Bxf4 29. Qf3 g5 30. Qh5+ Kg7 31. Nxf4 gxf4 32.
d5 Re5 33. Qf3 Qxd5 34. Qg4+ Rg5 35. Rc8 1-0

[Event "Early-Titled-Tuesday-Blitz-March-05-2024"]
[Site "Chess.com"]
[Date "2024.03.05"]
[Round "6"]
[White "averageFM"]
[Black "KorolDimitriy75"]
[Result "0-1"]
[WhiteElo "2597"]
[BlackElo "2449"]
[TimeControl "180+1"]
[EndTime "9:08:58 PST"]
[Termination "KorolDimitriy75 won by resignation"]

1. d4 Nf6 2. Nc3 d5 3. e4 dxe4 4. f3 c5 5. d5 e6 6. fxe4 exd5 7. exd5 Bd6 8. Bb5+ Bd7 9. Qe2+ Qe7 10. Qxe7+ Kxe7 11.
Bd3 Re8 12. Nge2 a6 13. O-O Kf8 14. Bg5 Be5 15. Ng3 b5 16. Nge4 Nxe4 17. Nxe4 c4 18. Be2 Bd4+ 19. Kh1 Rxe4 20. Bf3 Re8 21. Bh5 g6 22.
Bf3 Bf5 23. c3 Bg7 24. d6 Ra7 25. Be7+ Kg8 26. g4 Be6 27. Rae1 Bf8 28. Bf6 Bxd6 29.
Rd1 Bf8 30. g5 Nd7 31. Bd4 Rc7 32. h4 Nc5 33. Be5 Rcc8 34. h5 Nd3 35. hxg6 fxg6 36.
Bb7 Nxe5 37. Bxc8 Bxc8 38. Rfe1 Bb7+ 0-1

[Event "Early-Titled-Tuesday-Blitz-March-05-2024"]
[Site "Chess.com"]
[Date "2024.03.05"]
[Round "6"]
[White "lagunanivaria"]
[Black "bazar-wokzal"]
[Result "1-0"]
[WhiteElo "2445"]
[BlackElo "2579"]
[TimeControl "180+1"]
[EndTime "9:08:58 PST"]
[Termination "lagunanivaria won by resignation"]

1. e4 Nc6 2. Nf3 d5 3. exd5 Qxd5 4. Nc3 Qa5 5. Bc4 Bg4 6. h3 Bh5 7. d3 O-O-O 8. g4 Bg6 9. Bd2 e5 10. Qe2 Nd4 11. Nxd4 exd4 12. Nd5 Qc5 13. Nf4 Nf6 14. Nxg6 fxg6 15. O-O-O Bd6 16. Kb1 Qc6 17. g5 Nh5 18. Qg4+ Kb8 19. Rhe1 Rhf8 20. Re2 Qf3 21. Rde1 a6 22. a3 b5 23. Be6 Qxg4 24. Bxg4 Nf4 25. Bxf4 Rxf4 26. Re4 Rdf8 27. Rxf4 Rxf4 28. Re8+ Kb7 29.
Rg8 Be5 30. Re8 Bd6 31. Rg8 Rf7 32. Be6 Re7 33. Bd5+ c6 34. Be4 a5 35. Rh8 h6 36. gxh6 gxh6 37. Rxh6 Rg7 38. Bxg6 Bf4 39. Rh7 Rxh7 40. Bxh7 Kc7 41. Be4 Kd6 42. h4 c5 43.
h5 a4 44. Bg6 Kd5 45. Be8 c4 46. Bxb5 cxd3 47. cxd3 Kc5 48. Bxa4 Kb6 49. b4 1-0

[Event "Early-Titled-Tuesday-Blitz-March-05-2024"]
[Site "Chess.com"]
[Date "2024.03.05"]
[Round "6"]
[White "RedFirePanda"]
[Black "ARMQUEEN"]
[Result "1-0"]
[WhiteElo "2541"]
[BlackElo "2413"]
[TimeControl "180+1"]
[EndTime "9:08:58 PST"]
[Termination "RedFirePanda won by resignation"]

1. d4 Nf6 2. Bf4 g6 3. e3 Bg7 4. h3 O-O 5. c3 d6 6. Nf3 Nbd7 7. Be2 Qe8 8. O-O e5 9. dxe5 dxe5 10. Bh2 c6 11.
Nbd2 Qe7 12. Nc4 Nd5 13. Qc2 a5 14. a4 e4 15. Nd4 Re8 16. Nd6 Rd8 17. Qxe4 Qf8 18.
Nxc8 Raxc8 19. Rfd1 Re8 20. Qc2 Qe7 21. Bf3 N7b6 22. Qb3 Rcd8 23. Nc2 h5 24. e4 Nxc3 25. bxc3 Nc8 26. Ne3 b6 27. e5 Bxe5 28. Bxe5 Qxe5 29. Bxc6 Rf8 30. Rxd8 Rxd8 31. Rd1 Rf8 32. c4 Qc5 33. Bd5 Ne7 34. Rb1 Rb8 35. Qb5 Qd6 36. c5 Qf6 37. cxb6 Nc8 38. b7 Nd6 39. Qc6 Nxb7 40. Qxf6 1-0

[Event "Early-Titled-Tuesday-Blitz-March-05-2024"]
[Site "Chess.com"]
[Date "2024.03.05"]
[Round "6"]
[White "IvanSoriano1"]
[Black "eagleclaw07"]
[Result "1-0"]
[WhiteElo "2589"]
[BlackElo "2829"]
[TimeControl "180+1"]
[EndTime "9:08:59 PST"]
[Termination "IvanSoriano1 won by resignation"]

1. d4 d5 2. c4 e6 3. Nc3 Nf6 4. cxd5 exd5 5. Bg5 Be7 6. e3 O-O 7. Qc2 c6 8. Bd3 Nbd7 9. Nf3 Re8 10. O-O Nf8 11. h3 g6 12. Rab1 Ne6 13. Bxf6 Bxf6 14. b4 a6 15. a4 Bd7 16. Rfd1 Rc8 17. a5 Be7 18. Na4 Bd6 19. Nc5 Rb8 20. e4 Nf4 21. e5 Bxc5 22. bxc5 Nxd3 23. Qxd3 Bf5 24. Qc3 Bxb1 25.
Rxb1 Qe7 26. Qd2 Rf8 27. Qe3 Kg7 28. Nd2 Rbd8 29. f4 Rd7 30. Rf1 Qd8 31. Qc3 Qh4 32. Kh2 f6 33. g3 Qh5 34. g4 Qh6 35. exf6+ Kg8 36. g5 Qh4 37. Qe3 h6 38. Nf3 Qh5 39. Rg1 Kh8 40. Rg3 hxg5 41. Rxg5 Qh6 42. Rg4 Rh7 43.
Rh4 Qxh4 44. Nxh4 Rxh4 45. Qe7 Rg8 46. f7 Rxf4 47. Qe5+ Kh7 48. fxg8=Q+ 1-0

[Event "Early-Titled-Tuesday-Blitz-March-05-2024"]
[Site "Chess.com"]
[Date "2024.03.05"]
[Round "6"]
[White "david_gomez"]
[Black "GilbertoHernandezAmura"]
[Result "0-1"]
[WhiteElo "2607"]
[BlackElo "2455"]
[TimeControl "180+1"]
[EndTime "9:08:59 PST"]
[Termination "GilbertoHernandezAmura won by resignation"]

1. e4 d5 2. d4 dxe4 3. Nc3 Nf6 4. Bg5 Nbd7 5. Qe2 h6 6. Bh4 g5 7. Bg3 Bg7 8. h4 g4 9. O-O-O c6 10. f3 exf3 11.
gxf3 Nb6 12. fxg4 Bxg4 13. Nf3 Nbd5 14. Ne4 Nxe4 15. Qxe4 Nf6 16. Qe3 Qd5 17. Re1 O-O 18. Be2 Qxa2 19. Rhg1 Qa1+ 20. Kd2 Qxb2 21. Be5 Qb4+ 22.
Kc1 h5 23. Nh2 Nd5 24. Qd3 f5 25. Nxg4 fxg4 26. Bxg4 hxg4 27. Bxg7 Rf3 28. Qg6 Qa3+ 29. Kd1 Qa1+ 30. Ke2 Re3+ 31. Kf2 Rf3+ 32. Ke2 Nf4+ 33.
Kd2 Qa5+ 34. Kc1 Nxg6 0-1

[Event "Early-Titled-Tuesday-Blitz-March-05-2024"]
[Site "Chess.com"]
[Date "2024.03.05"]
[Round "6"]
[White "Chopper1905"]
[Black "Leonid_Starozhilov"]
[Result "1-0"]
[WhiteElo "2951"]
[BlackElo "2711"]
[TimeControl "180+1"]
[EndTime "9:09:01 PST"]
[Termination "Chopper1905 won by resignation"]

1. d4 Nf6 2. c4 g6 3. Nc3 Bg7 4.
e4 d6 5. Nf3 Bg4 6. Be2 a6 7.
Be3 O-O 8. Rc1 Nfd7 9. h3 Bxf3 10. Bxf3 c5 11. d5 b5 12. Be2 b4 13. Na4 Nb6 14.
Nxb6 Qxb6 15. Qd2 Re8 16. h4 e6 17. h5 exd5 18. hxg6 hxg6 19. exd5 Nd7 20. Bh6 Bd4 21. Kf1 Nf6 22. Qf4 Ne4 23. Bf3 Nxf2 24. Rh4 Nd3 25. Qh2 Nxc1 26. Bxc1 b3 27. a3 Re7 28. Bg5 Rae8 29.
Rxd4 Qa5 30. Bd2 Re1+ 31. Kf2 Qb6 32. Rh4 1-0

[Event "Early-Titled-Tuesday-Blitz-March-05-2024"]
[Site "Chess.com"]
[Date "2024.03.05"]
[Round "6"]
[White "marik_spb"]
[Black "TheMagician"]
[Result "0-1"]
[WhiteElo "2440"]
[BlackElo "2208"]
[TimeControl "180+1"]
[EndTime "9:09:01 PST"]
[Termination "TheMagician won on time"]

1. e4 Nf6 2. e5 Nd5 3. d4 Nb6 4.
c4 d6 5. f4 dxe5 6. fxe5 Nc6 7. Be3 Bf5 8. Nf3 Bg4 9. Nc3 Qd7 10. Be2 Rd8 11. O-O Bxf3 12. Bxf3 Nxc4 13. Bf2 e6 14. Qe2 Nb6 15. Rad1 Nd5 16. Nxd5 exd5 17. Bg4 Qe7 18. Rd3 h5 19. Rh3 g6 20. Bh4 Qb4 21. Bxd8 Qxd4+ 22. Kh1 Nxd8 23. e6 f5 24. e7 Bxe7 25. Re1 Nc6 26.
Rd3 Qxg4 27. Qf2 d4 28. Rb3 Kf7 29. Rxb7 Bd6 30. h3 Qg3 31. Qxg3 Bxg3 32. Rd1 Re8 33. b4 Re7 34. b5 Na5 35. Rxa7 Nc4 36. Kg1 c5 37. Rxe7+ Kxe7 38. Rc1 d3 39. Rxc4 d2 0-1

[Event "Early-Titled-Tuesday-Blitz-March-05-2024"]
[Site "Chess.com"]
[Date "2024.03.05"]
[Round "6"]
[White "ckgchess"]
[Black "Jospem"]
[Result "0-1"]
[WhiteElo "2905"]
[BlackElo "3070"]
[TimeControl "180+1"]
[EndTime "9:09:02 PST"]
[Termination "Jospem won on time"]

1. e4 c5 2. c3 d6 3. d4 Nf6 4. Bd3 Qc7 5. Nf3 Bg4 6. O-O e6 7. h3 Bh5 8. Bf4 Nbd7 9. Nbd2 Be7 10. Re1 Bg6 11. Nc4 O-O 12. e5 dxe5 13. Nfxe5 Nxe5 14. Nxe5 Qb6 15. Bxg6 hxg6 16. dxc5 Bxc5 17. Qc2 Rfd8 18. Rad1 Rd5 19. c4 Rxd1 20. Rxd1 Rc8 21. a3 a5 22. Bg5 Qc7 23. Qe2 Rd8 24. Rxd8+ Qxd8 25. Nd3 Bd4 26. b4 Qc7 27. Bxf6 gxf6 28. c5 Qc6 29. Qf3 Qd7 30. g3 a4 31. h4 f5 32. Qf4 Qd5 33. Qb8+ Kg7 34. Qd6 Qxd6 35. cxd6 Kf8 36. Nc5 b5 37. Na6 Bb2 38. Nc7 Bxa3 39. Nxb5 Bxb4 0-1

[Event "Early-Titled-Tuesday-Blitz-March-05-2024"]
[Site "Chess.com"]
[Date "2024.03.05"]
[Round "6"]
[White "ljuks68"]
[Black "JonasEilenberg"]
[Result "0-1"]
[WhiteElo "2404"]
[BlackElo "2540"]
[TimeControl "180+1"]
[EndTime "9:09:02 PST"]
[Termination "JonasEilenberg won by resignation"]

1. e4 c5 2. Nf3 Nc6 3. d4 cxd4 4. Nxd4 e5 5. Nb5 d6 6. c4 g6 7. N1c3 a6 8. Na3 Bg7 9. Nd5 Be6 10. Be3 Rc8 11.
Be2 Nf6 12. Nxf6+ Bxf6 13. Qd2 O-O 14. O-O Nd4 15. b3 Bg7 16. Nc2 Nxc2 17. Qxc2 b5 18.
Rac1 bxc4 19. Bxc4 Qh4 20. Qd3 Qe7 21. Bxa6 Ra8 22.
a4 f5 23. f3 Rfd8 24. Bc4 Rab8 25. Rfd1 h5 26. a5 Kh7 27. Bxe6 Qxe6 28. Rc4 Rb5 29. a6 d5 30. Rc7 Ra5 31. Bg5 Qb6+ 32.
Kh1 Qxc7 33. Bxd8 Qxd8 34. b4 Ra4 35. exf5 Rxb4 36. fxg6+ Kh8 37. Qf5 Ra4 38. Qxh5+ Kg8 39. Qg4 Rxa6 40. h3 d4 41. Qe4 Rd6 42. Rd3 Qe8 43. Rb3 Qxg6 44. Rb8+ Kh7 45. Qh4+ Qh6 46. Qe4+ Rg6 47. Rb7 Qc1+ 48. Kh2 Qf4+ 49. Qxf4 exf4 0-1

[Event "Early-Titled-Tuesday-Blitz-March-05-2024"]
[Site "Chess.com"]
[Date "2024.03.05"]
[Round "6"]
[White "PedroGil25"]
[Black "kyuotbi"]
[Result "0-1"]
[WhiteElo "2516"]
[BlackElo "2307"]
[TimeControl "180+1"]
[EndTime "9:09:02 PST"]
[Termination "kyuotbi won by resignation"]

1. e4 e5 2. Nf3 Nc6 3. Nc3 Nf6 4. Bb5 Bb4 5. O-O O-O 6. d3 Bxc3 7. bxc3 d6 8. h3 Ne7 9. Bc4 Ng6 10. Bb3 d5 11.
exd5 Nxd5 12. Bd2 Be6 13. Ng5 Bc8 14. Qf3 c6 15. Rae1 h6 16. Ne4 Qe7 17. d4 Nh4 18.
Qe2 Bf5 19. Ng3 Rae8 20. Nxf5 Nxf5 21. dxe5 Qc5 22. Qd3 Nde7 23. Qc4 Qxc4 24. Bxc4 Rd8 25. Rd1 b5 26. Bb3 c5 27. c4 b4 28. c3 a5 29.
cxb4 axb4 30. Bc1 Nd4 31. Be3 Ne2+ 32. Kh2 Nd4 33. Rd3 Nec6 34. Rxd4 cxd4 35. Bd2 Nxe5 36. Bc3 dxc3 0-1

[Event "Early-Titled-Tuesday-Blitz-March-05-2024"]
[Site "Chess.com"]
[Date "2024.03.05"]
[Round "6"]
[White "Statham_01"]
[Black "LikeWater"]
[Result "1-0"]
[WhiteElo "2541"]
[BlackElo "2683"]
[TimeControl "180+1"]
[EndTime "9:09:03 PST"]
[Termination "Statham_01 won by checkmate"]

1. e4 c6 2. d4 d5 3. f3 Qb6 4.
Nc3 e6 5. a3 Nf6 6. Be3 Be7 7.
e5 Nfd7 8. f4 c5 9. Nf3 Nc6 10.
Na4 Qa5+ 11. c3 c4 12. Be2 f5 13. exf6 Nxf6 14. Ne5 Bd7 15. Nc5 Bxc5 16. dxc5 Nxe5 17. fxe5 Ne4 18. O-O Nxc5 19. Qd4 Nb3 20. Qh4 Bc8 21.
Qg5 Rg8 22. Qh5+ Kd7 23. Qf7+ Kc6 24. Qxg8 Kb5 25. Qe8+ Ka6 26. Rad1 Nc5 27. Bxc5 Qxc5+ 28. Kh1 Qe3 29. Rfe1 Qb6 30. b3 Qxb3 31. Rb1 Qxc3 32. Qb5# 1-0

[Event "Early-Titled-Tuesday-Blitz-March-05-2024"]
[Site "Chess.com"]
[Date "2024.03.05"]
[Round "6"]
[White "AlexeiShirov"]
[Black "AldokhinIvan"]
[Result "1-0"]
[WhiteElo "2844"]
[BlackElo "2665"]
[TimeControl "180+1"]
[EndTime "9:09:04 PST"]
[Termination "AlexeiShirov won on time"]

1. e4 c5 2. Nf3 e6 3. d4 cxd4 4. Nxd4 a6 5. c4 Qc7 6. Nc3 Nf6 7. a3 d6 8. Be3 b6 9. Rc1 Bb7 10. f3 Be7 11. b4 O-O 12. Be2 Nbd7 13. g4 Rac8 14. g5 Ne8 15. f4 Qb8 16. f5 exf5 17.
Nxf5 Bd8 18. O-O Ne5 19. Nd5 Bxd5 20. Qxd5 Ng6 21. c5 dxc5 22. bxc5 Nc7 23. Qd6 b5 24. h4 Ne6 25. Qxb8 Rxb8 26. Rfd1 Bc7 27. Rd7 Ne5 28. Rd5 Nc6 29. Rcd1 a5 30. Nd6 b4 31. a4 b3 32. Bb5 Nb4 33. R5d2 Nc2 34. Bf2 Nf4 35. Bg3 Ne6 36. Bf2 Nf4 37. Kf1 f6 38.
Bc4+ Kh8 39. Nf7+ Rxf7 40. Bxf7 b2 41. Ba2 Nb4 42. Bb1 fxg5 43. Rd7 Ne6 44. Re7 1-0

[Event "Early-Titled-Tuesday-Blitz-March-05-2024"]
[Site "Chess.com"]
[Date "2024.03.05"]
[Round "6"]
[White "Predator0608"]
[Black "alexrustemov"]
[Result "0-1"]
[WhiteElo "2548"]
[BlackElo "2805"]
[TimeControl "180+1"]
[EndTime "9:09:04 PST"]
[Termination "alexrustemov won by resignation"]

1. e4 e6 2. d4 d5 3. Nc3 dxe4 4. Nxe4 Bd7 5. Nf3 Bc6 6. Bd3 Nd7 7. c3 Ngf6 8. Nxf6+ Nxf6 9. O-O Bxf3 10. Qxf3 Qd5 11. Qxd5 Nxd5 12. Be4 c6 13. a4 a5 14. Re1 Be7 15. Kf1 Kd7 16. Ke2 h5 17. Kd3 g5 18.
b3 g4 19. Bxd5 exd5 20. Bf4 Rae8 21. Ra2 Bd8 22. Rae2 Rxe2 23. Rxe2 Re8 24. c4 Rxe2 25. Kxe2 Ke6 26. Kd3 Kf5 27. Bb8 Ke6 28. Bf4 f6 29. Bb8 Be7 30. Bf4 Kf5 31. Bd2 Bd8 32. h3 Bc7 33.
Bc1 Bd6 34. Bd2 Bb4 35. Bxb4 axb4 36. cxd5 cxd5 37. Ke3 b6 38. f3 gxh3 39. gxh3 Kg5 40.
Kf2 Kf4 41. h4 f5 42. Ke2 Kg3 43. Ke3 f4+ 44. Ke2 Kxh4 45. Kf2 Kh3 46. Kf1 Kg3 0-1

[Event "Early-Titled-Tuesday-Blitz-March-05-2024"]
[Site "Chess.com"]
[Date "2024.03.05"]
[Round "6"]
[White "rdarruda"]
[Black "ElVital"]
[Result "1-0"]
[WhiteElo "2517"]
[BlackElo "2342"]
[TimeControl "180+1"]
[EndTime "9:09:04 PST"]
[Termination "rdarruda won by resignation"]

1. Nf3 c5 2. c4 g6 3. Nc3 Bg7 4. g3 e6 5. Bg2 Ne7 6. O-O O-O 7. d4 d6 8. dxc5 dxc5 9. Qxd8 Rxd8 10. Be3 Na6 11.
Rad1 Bd7 12. Bg5 Kf8 13. Bf4 Bc6 14. Be5 f6 15. Bf4 e5 16. Bc1 Kf7 17. Nd2 f5 18. b3 e4 19. Bb2 Kg8 20. Ndb1 Nb4 21. a3 Na2 22. Rxd8+ Rxd8 23. Nd1 b5 24. Bxg7 Kxg7 25. Ndc3 Nxc3 26. Nxc3 b4 27. axb4 cxb4 28. Nb1 a5 29. Rc1 a4 30. bxa4 Bxa4 31. e3 Nc6 32. c5 Bb5 33.
Bf1 Bxf1 34. Kxf1 Rd3 35. Ke2 Kf6 36. Nd2 Ke6 37. f3 Kd5 38. fxe4+ fxe4 39. Nc4 Rc3 40.
Nb6+ Ke5 41. Rxc3 bxc3 42. Kd1 Nb4 43. Na4 Kd5 44. Nxc3+ Kxc5 45. Nxe4+ Kd5 46. Nf6+ Ke5 47. Nxh7 Ke4 48. Ke2 Nd5 49. Ng5+ Kf5 50. e4+ 1-0

[Event "Early-Titled-Tuesday-Blitz-March-05-2024"]
[Site "Chess.com"]
[Date "2024.03.05"]
[Round "6"]
[White "chess94cu"]
[Black "MasterKroket"]
[Result "0-1"]
[WhiteElo "2639"]
[BlackElo "2497"]
[TimeControl "180+1"]
[EndTime "9:09:05 PST"]
[Termination "MasterKroket won by checkmate"]

1. e4 e5 2. Nf3 Nc6 3. Bc4 Nf6 4.
Ng5 d5 5. exd5 Na5 6. Bb5+ c6 7.
dxc6 bxc6 8. Be2 h6 9. Nh3 Bc5 10. Nc3 O-O 11. d3 Rb8 12. a3 Bd4 13. Ng1 c5 14.
Nf3 Re8 15. O-O Be6 16. Nxd4 exd4 17. Ne4 Nxe4 18. dxe4 c4 19. f4 f5 20. exf5 Bxf5 21. Bd2 d3 22. cxd3 cxd3 23. Bg4 Bxg4 24. Qxg4 Rxb2 25. Bc3 Rb7 26. f5 Qc7 27. Bxa5 Qxa5 28. f6 Qd5 29. Rab1 Rf7 30. Rbd1 Ref8 31. Rf3 d2 32. fxg7 Re8 33. Rxf7 Qxf7 34. h3 Re1+ 35. Kh2 Qc7+ 36. g3 Qc6 37. Rxd2 Qh1# 0-1

[Event "Early-Titled-Tuesday-Blitz-March-05-2024"]
[Site "Chess.com"]
[Date "2024.03.05"]
[Round "6"]
[White "only_strong_moves"]
[Black "AradNazari"]
[Result "1-0"]
[WhiteElo "2584"]
[BlackElo "2824"]
[TimeControl "180+1"]
[EndTime "9:09:06 PST"]
[Termination "only_strong_moves won by resignation"]

1. e4 c6 2. d4 Na6 3. Nc3 Nc7 4. Nf3 d5 5. e5 h6 6. Be2 Bf5 7. Be3 g5 8. a3 Qd7 9. Nd2 e6 10. Nb3 Ne7 11. h4 gxh4 12. Rxh4 Bg6 13. g4 Nc8 14.
Qd2 Nb6 15. Nc5 Qc8 16. f4 Nc4 17. Bxc4 dxc4 18. O-O-O Nd5 19. N5e4 Be7 20. Nxd5 cxd5 21. Nf6+ Bxf6 22. exf6 Qd7 23. Rdh1 O-O-O 24. Rxh6 Rhg8 25. Qb4 b6 26. a4 Kb7 27. a5 Rc8 28. Bd2 Rc7 29.
Rh8 Rcc8 30. Rxg8 Rxg8 31. f5 exf5 32. Re1 Re8 33. Rxe8 Qxe8 34. Qd6 Qc6 35. a6+ 1-0